 Dungeon Crawl Stone Soup version 0.23-a0-642-g3120c2f5a9 (webtiles) character file.

78768 CheiIsBae the Black Belt (level 15, 0/126 HPs)
             Began as a Green Draconian Transmuter on Dec 31, 2018.
             Was an Elder of Uskayaw.
             Shot with an arrow by a naga sharpshooter (23 damage)
             ... on level 1 of the Snake Pit.
             The game lasted 00:57:43 (36869 turns).

CheiIsBae the Black Belt (DrTm)                    Turns: 36869, Time: 00:57:43

Health: 0/126      AC: 15    Str: 12    XL:     15   Next: 19%
Magic:  29/29      EV: 18    Int: 20    God:    Uskayaw [****..]
Gold:   1858       SH:  0    Dex: 18    Spells: 18/35 levels left

rFire    . . .     SeeInvis .     - Unarmed
rCold    . . .     Gourm    .   (shield currently unavailable)
rNeg     . . .     Faith    .   (armour unavailable)
rPois    +         Spirit   .   u - +2 hat
rElec    .         Reflect  .   v - +0 cloak
rCorr    .         Harm     .   (gloves currently unavailable)
MR       +....                  G - +0 pair of boots
Stlth    ++........             s - amulet of the acrobat
HPRegen  0.31/turn              h - +2 ring of protection
MPRegen  0.21/turn              g - +6 ring of dexterity

@: blade hands, starving
A: breathe noxious fumes, unfitting armour, stinger 1, poison resistance,
cold-blooded, AC +9
a: Breathe Noxious Fumes, End Transformation, Stomp, Line Pass, Renounce
Religion


You were on level 1 of the Snake Pit.
You worshipped Uskayaw.
Uskayaw was aware of your devotion.
You were starving.
You had blades for hands.
You visited 3 branches of the dungeon, and saw 22 of its levels.

You collected 1858 gold pieces.

Inventory:

Missiles
 p - 3 throwing nets (quivered)
 w - 511 arrows
Armour
 r - a +0 pair of gloves of archery (melded)
 u - a +2 hat (worn)
 v - a +0 cloak (worn)
 C - a +0 buckler
 G - a +0 pair of boots (worn)
Jewellery
 g - a +6 ring of dexterity (right scythe-like blade)
 h - a +2 ring of protection (left scythe-like blade)
 s - an amulet of the acrobat (around neck)
 L - an uncursed ring of fire {unknown}
 O - an uncursed ring of positive energy
Wands
 a - a wand of polymorph (19)
 m - a wand of random effects (19)
 n - a wand of iceblast (3)
 x - a wand of acid (6)
 E - a wand of flame (49)
Scrolls
 b - 6 scrolls of amnesia
 e - 5 scrolls of teleportation
 f - 8 scrolls of enchant armour
 i - 11 scrolls of identify
 o - 8 scrolls of remove curse
 y - 5 scrolls of magic mapping
 F - 4 scrolls of blinking
 H - a scroll of brand weapon
 J - 5 scrolls of fear
 K - a scroll of silence
 P - a scroll of torment {unknown}
Potions
 d - 4 potions of lignification
 j - 4 potions of curing
 k - a potion of cancellation
 l - 2 potions of might
 q - a potion of berserk rage
 t - 6 potions of flight
 z - a potion of resistance
 A - a potion of invisibility
 B - a potion of brilliance
 D - 3 potions of mutation
 M - a potion of haste
Comestibles
 c - 26 rations


   Skills:
 + Level 9.8 Fighting
 + Level 8.5 Dodging
 * Level 15.6 Unarmed Combat
 - Level 10.9 Spellcasting
 - Level 10.0 Transmutations
 - Level 11.9 Invocations


You had 18 spell levels left.
You knew the following spells:

 Your Spells              Type           Power        Failure   Level  Hunger
a - Blade Hands           Tmut           ######....   26%         5    ####...
b - Sticks to Snakes      Tmut           ######..     8%          2    None
c - Ice Form              Ice/Tmut       ####....     43%         4    ##.....
d - Beastly Appendage     Tmut           ######       7%          1    None
e - Spider Form           Tmut/Pois      ####......   24%         3    None
f - Blink                 Tloc           N/A          45%         2    None

Your spell library contained the following spells:

 Spells                   Type           Power        Failure   Level  Hunger
 Passwall                 Tmut/Erth      ####....     17%         2    None
 Ignite Poison            Fire/Tmut/Pois ###.....     32%         3    None
 Animate Skeleton         Necr           N/A          36%         1    None
 Apportation              Tloc           ##....       36%         1    None
 Confusing Touch          Hex            ##....       36%         1    None
 Corona                   Hex            ##.....      36%         1    None
 Flame Tongue             Conj/Fire      ##...        36%         1    None
 Magic Dart               Conj           ##..         36%         1    None
 Sandblast                Erth           ##....       36%         1    None
 Sting                    Conj/Pois      ##..         36%         1    None
 Summon Small Mammal      Summ           ##..         36%         1    None
 Petrify                  Tmut/Erth      ####....     43%         4    ##.....
 Call Imp                 Summ           ##......     45%         2    None
 Slow                     Hex            ##......     45%         2    None
 Throw Frost              Conj/Ice       ##....       45%         2    None
 Hydra Form               Tmut           ######....   56%         6    ######.
 Call Canine Familiar     Summ           ##......     61%         3    None
 Conjure Flame            Conj/Fire      ##......     61%         3    None
 Inner Flame              Hex/Fire       ##......     61%         3    None
 Mephitic Cloud           Conj/Pois/Air  ##......     61%         3    None
 Portal Projectile        Hex/Tloc       ##....       61%         3    None
 Static Discharge         Conj/Air       ##......     61%         3    None
 Stone Arrow              Conj/Erth      ##....       61%         3    None
 Summon Guardian Golem    Hex/Summ       ##......     61%         3    None
 Irradiate                Conj/Tmut      ####......   65%         5    ####...
 Cause Fear               Hex            ##........   89%         4    ##.....
 Fulminant Prism          Conj/Hex       ##........   89%         4    ##.....
 Leda's Liquefaction      Hex/Erth       ##........   89%         4    ##.....
 Summon Ice Beast         Ice/Summ       ##......     89%         4    ##.....
 Summon Lightning Spire   Summ/Air       ##......     89%         4    ##.....
 Dragon Form              Tmut           ######....   94%         7    #######
 Statue Form              Tmut/Erth      ####.....    97%         6    ######.
 Lee's Rapid Deconstruct  Erth           ##........   99%         5    ####...
 Metabolic Englaciation   Hex/Ice        ##........   99%         5    ####...
 Poison Arrow             Conj/Pois      ##........   100%        6    ######.
 Chain Lightning          Conj/Air       ##........   100%        8    #######
 Ignition                 Fire           ##........   100%        8    #######
 Lehudib's Crystal Spear  Conj/Erth      ##........   100%        8    #######
 Fire Storm               Conj/Fire      ##........   100%        9    #######
 Glaciate                 Conj/Ice       ##........   100%        9    #######


Dungeon Overview and Level Annotations

Branches:
Dungeon (15/15)            Temple (0/1) D:7            Lair (6/6) D:9
 Shoals (0/4) Lair:2        Snake (1/4) Lair:4        Slime (0/5) Lair:6
    Orc (0/2) D:9          Vaults (0/5) D:13         Depths (0/5) D:15

Altars:
Cheibriados
Dithmenos
Elyvilon
Makhleb
Nemelex Xobeh
Qazlal
Trog
Uskayaw
Vehumet
Wu Jian
Xom
Yredelemnul
Zin
The Shining One
Jiyva

Shops:
D:5 (   D:6 =   D:7 }(   D:9 (

Annotations:
D:7 3 runed doors, gorpus's ghost, novice OpWz
D:9 3 runed doors, Yermak's ghost, novice GnSu; Zazzi's ghost, journeyman GrEE
D:11 2 runed doors, Shaidar's ghost, journeyman MiBe
D:13 1 runed door, Vaehess's ghost, journeyman DDFi
D:15 1 runed door, Azzar's ghost, adept GrEE
Lair:4 exclusion: 4 oklob plants
Lair:6 1 runed door


Innate Abilities, Weirdness & Mutations

You can breathe blasts of noxious fumes.
Your lurid green scales are hard. (AC +9)
You cannot fit into any form of body armour.
Your tail ends in a poisonous barb.
Your system is resistant to poisons. (rPois)
You are cold-blooded and may be slowed by cold attacks.


Message History

The naga sharpshooter magically shoots an arrow.
The arrow hits you but does no damage.
You hit the naga sharpshooter but do no damage.
The naga sharpshooter is lightly wounded.
The naga sharpshooter spits poison at you.
The splash of poison misses you.
You hit the naga sharpshooter but do no damage.
You tail-slap the naga sharpshooter, but do no damage.
The naga sharpshooter is lightly wounded.
You hit the naga sharpshooter but do no damage.
You tail-slap the naga sharpshooter, but do no damage.
The naga sharpshooter is lightly wounded.
The naga sharpshooter shoots an arrow.
The arrow hits you!!
* * * LOW HITPOINT WARNING * * *
You hit the naga sharpshooter.
The naga sharpshooter is lightly wounded.
You slash the naga sharpshooter!
The naga sharpshooter is moderately wounded.
The naga sharpshooter shoots an arrow.
The arrow hits you!!
You die...

..S.....# #..... ....
........###..... ......
........#....../ ......
........#.....####......
............>.#.........
......†.......#.........
..#....#(.....#.........
#...N#†##.........#...
#....@.......#....#...
#...)........#....#...
#............#....#...
#..............####.....
##.....##...............
##..................)..
##.........(..........
##...................
#...................


You could see a naga sharpshooter.

Vanquished Creatures
  An ironheart preserver (D:13)
  Nessos (Lair:6)
  2 fire dragons (D:15)
  7 hydras
  Erolcha (D:12)
  4 catoblepae
  A death knight (D:15)
  2 centaur warriors
  2 tengu warriors
  4 two-headed ogres
  An ogre mage (D:13)
  7 death yaks
  A shock serpent (Snake:1)
  Nergalle (Lair:1)
  2 unseen horrors
  A phantasmal warrior (D:14)
  3 harpies (D:12)
  A mana viper (Snake:1)
  2 ugly things (D:11)
  A deep elf mage (D:12)
  4 manticores
  3 cyclopes
  A merfolk siren (Lair:2)
  9 elephants
  A centaur zombie (D:10)
  7 black mambas
  14 spiny frogs
  3 gargoyles
  3 rime drakes
  A freezing wraith (D:14)
  5 komodo dragons
  An efreet (D:15)
  A kobold demonologist (D:12)
  A meliai (shapeshifter) (D:13)
  A tengu conjurer (D:14)
  4 trolls
  A merfolk (D:9)
  3 hornets
  A queen bee (shapeshifter) (D:14)
  A polar bear (Lair:6)
  Grinder (D:3)
  15 slime creatures
  8 blink frogs
  16 hippogriffs
  6 shadows
  Sigmund (D:2)
  A wyvern (D:13)
  7 basilisks
  A wraith (D:15)
  38 yaks
  2 hungry ghosts
  Grum (Lair:1)
  2 vampire mosquitoes (D:14)
  A steam dragon (D:12)
  2 nagas (Snake:1)
  2 soldier ants
  25 water moccasins
  7 orc warriors
  3 sky beasts
  A meliai simulacrum (D:14)
  11 porcupines
  5 ice beasts
  A hornet zombie (D:13)
  3 necrophages (D:10)
  4 black bears
  An eye of draining (D:10)
  3 phantoms
  3 boggarts (D:15)
  4 ogres
  9 wolves
  9 centaurs
  9 crocodiles
  6 big kobolds
  21 bullfrogs
  A gnoll sergeant (D:11)
  7 scorpions
  6 killer bees (D:8)
  4 wights
  An electric eel (Lair:4)
  A howler monkey (D:8)
  7 crimson imps
  2 bullfrog zombies
  A quasit (D:8)
  4 bullfrog skeletons
  6 orc priests
  6 hounds
  A jelly (D:7)
  16 orc wizards
  5 centaur skeletons
  6 iguanas
  Terence (D:3)
  13 worker ants
  A killer bee zombie (D:8)
  3 hound zombies
  2 hound skeletons
  A mummy (D:10)
  Robin (D:3)
  4 worker ant zombies
  5 gnolls
  20 adders
  A howler monkey skeleton (D:5)
  4 shadow imps
  4 oozes
  2 adder zombies
  An adder skeleton (D:6)
  4 worms
  4 dart slugs
  5 leopard geckos
  62 orcs
  3 ball pythons
  13 giant cockroaches
  17 goblins
  14 hobgoblins
  12 jackals
  16 kobolds
  5 quokkas
  5 bats
  4 frilled lizards
  A leopard gecko skeleton (D:4)
  A quokka skeleton (D:8)
  3 rats
  A plant (Lair:4)
646 creatures vanquished.

Vanquished Creatures (collateral kills)
  A two-headed ogre (D:11)
  An elephant (Lair:6)
  2 centaurs
  A gnoll (D:3)
  4 adders
  A hobgoblin (D:3)
10 creatures vanquished.

Vanquished Creatures (others)
  A centaur (D:15)
  3 fungi
  15 plants
  A withered plant (D:12)
20 creatures vanquished.

Grand Total: 676 creatures vanquished

Notes
Turn   | Place    | Note
-------+----------+-------------------------------------------
     0 | D:1      | CheiIsBae the Draconian Transmuter began the quest for the
                  | Orb.
     0 | D:1      | Reached XP level 1. HP: 16/16 MP: 3/3
    67 | D:1      | Reached XP level 2. HP: 20/23 MP: 3/5
   117 | D:1      | Learned a level 2 spell: Sticks to Snakes
   627 | D:1      | Reached XP level 3. HP: 23/28 MP: 4/6
  1257 | D:2      | Found a glowing silver altar of Zin.
  1317 | D:2      | Reached XP level 4. HP: 27/35 MP: 1/7
  1698 | D:2      | Noticed Sigmund
  2131 | D:3      | Reached skill level 5 in Transmutations
  2257 | D:3      | Learned a level 3 spell: Spider Form
  2409 | D:3      | Noticed Grinder
  2440 | D:3      | Killed Grinder
  2440 | D:3      | Reached XP level 5. HP: 28/40 MP: 3/8
  2440 | D:3      | Reached XP level 6. HP: 33/47 MP: 3/9
  2550 | D:3      | Noticed Robin
  2626 | D:3      | Killed Robin
  2742 | D:3      | Reached skill level 4 in Unarmed Combat
  3576 | D:3      | Noticed Terence
  3585 | D:3      | Killed Terence
  3935 | D:4      | Found a sparkling altar of Nemelex Xobeh.
  4199 | D:4      | Identified the Handbook of Damaging Flames
  4262 | D:4      | Your scales start taking on a lurid green colour.
  4262 | D:4      | Reached XP level 7. HP: 52/52 MP: 6/10
  4262 | D:4      | Gained mutation: Your system is resistant to poisons.
                  | (rPois) [Green Draconian growth]
  4421 | D:4      | Found a bloodstained altar of Trog.
  4980 | D:5      | Entered Level 5 of the Dungeon
  4981 | D:5      | Found Sikh's Weapon Emporium.
  4999 | D:4      | Reached skill level 5 in Unarmed Combat
  5590 | D:5      | Reached XP level 8. HP: 42/59 MP: 2/11
  6011 | D:5      | Found a snail-covered altar of Cheibriados.
  6025 | D:5      | Found an ornate altar of the Wu Jian Council.
  6139 | D:6      | Reached skill level 5 in Dodging
  6341 | D:6      | Reached skill level 6 in Unarmed Combat
  6382 | D:6      | Found Jaoliule's Jewellery Shoppe.
  6458 | D:6      | Found a hide-covered altar of Uskayaw.
  6488 | D:6      | Became a worshipper of Uskayaw the Reveler
  6788 | D:6      | Reached * piety under Uskayaw
  6968 | D:6      | Reached ** piety under Uskayaw
  7188 | D:7      | Reached *** piety under Uskayaw
  7204 | D:7      | Found a staircase to the Ecumenical Temple.
  7357 | D:7      | Learned a level 5 spell: Blade Hands
  7418 | D:7      | Noticed gorpus's ghost (novice OpWz)
  7427 | D:7      | Identified a scroll of acquirement
  7446 | D:7      | Found a runed gate.
  7446 | D:7      | Found a runed gate.
  7446 | D:7      | Found a runed gate.
  7520 | D:7      | Found a burning altar of Makhleb.
  7593 | D:7      | Found Ymnov's Gadget Boutique.
  7827 | D:7      | Reached XP level 9. HP: 54/64 MP: 8/12
  8026 | D:7      | Found a basalt altar of Yredelemnul.
  8232 | D:7      | Reached skill level 7 in Unarmed Combat
  8816 | D:7      | Found Ripa Moo's Antique Weapon Emporium.
  8817 | D:7      | Found a glowing golden altar of the Shining One.
  8846 | D:7      | Found a basalt altar of Yredelemnul.
  8846 | D:7      | Found a shimmering altar of Xom.
  8848 | D:7      | Found a shimmering altar of Xom.
  8848 | D:7      | Found a hide-covered altar of Uskayaw.
  8848 | D:7      | Found a stormy altar of Qazlal.
  9084 | D:8      | Found a white marble altar of Elyvilon.
  9382 | D:8      | Reached **** piety under Uskayaw
  9729 | D:8      | Reached skill level 8 in Unarmed Combat
 10048 | D:8      | Reached XP level 10. HP: 71/71 MP: 7/13
 10070 | D:8      | Identified Woxayfe's Guide on Captivating Attacks
 10630 | D:8      | Found a radiant altar of Vehumet.
 10816 | D:9      | Found a runed gate.
 10816 | D:9      | Found a runed gate.
 10818 | D:9      | Found a runed gate.
 10821 | D:9      | Noticed Yermak's ghost (novice GnSu)
 10826 | D:9      | Noticed Zazzi's ghost (journeyman GrEE)
 11127 | D:9      | Found a staircase to the Lair.
 11136 | D:9      | Found a staircase to the Orcish Mines.
 11696 | D:9      | Found a sparkling altar of Nemelex Xobeh.
 11971 | D:9      | Found Vuapuc's Weapon Shoppe.
 12047 | D:10     | Entered Level 10 of the Dungeon
 12081 | D:10     | Reached skill level 9 in Unarmed Combat
 12374 | D:10     | Reached skill level 10 in Transmutations
 12581 | D:10     | Reached skill level 1 in Invocations
 12590 | D:10     | Reached ***** piety under Uskayaw
 12956 | D:10     | Reached skill level 10 in Unarmed Combat
 13405 | D:10     | Noticed a manticore
 13428 | D:10     | Killed a manticore
 13428 | D:10     | Reached XP level 11. HP: 25/76 MP: 7/16
 13870 | D:2      | Killed Sigmund
 14789 | D:11     | Found a runed door.
 14795 | D:11     | Found a runed door.
 14795 | D:11     | Noticed a skeletal warrior
 14796 | D:11     | Noticed a yaktaur captain
 14797 | D:11     | Noticed a deep troll
 14797 | D:11     | Noticed a wizard
 14797 | D:11     | Noticed a lich
 14798 | D:11     | Noticed a necromancer
 14798 | D:11     | Noticed Shaidar's ghost (journeyman MiBe)
 14813 | D:11     | Noticed a two-headed ogre
 14822 | D:11     | Killed a two-headed ogre
 14860 | D:11     | Learned a level 4 spell: Ice Form
 14932 | D:11     | Noticed a two-headed ogre
 14994 | D:11     | Killed a two-headed ogre
 14994 | D:11     | Reached skill level 11 in Unarmed Combat
 15961 | D:11     | Noticed a two-headed ogre
 15972 | D:11     | Killed a two-headed ogre
 15972 | D:11     | Reached skill level 5 in Invocations
 16152 | D:11     | Noticed a white ugly thing
 16160 | D:11     | Noticed a green ugly thing
 16623 | Lair:1   | Entered Level 1 of the Lair of Beasts
 16683 | D:9      | Reached skill level 5 in Spellcasting
 17016 | Lair:1   | You fall through a shaft!
 17310 | Lair:1   | Noticed Grum
 17321 | Lair:1   | Killed Grum
 17556 | Lair:1   | Noticed a death yak
 17564 | Lair:1   | Killed a death yak
 17564 | Lair:1   | Reached skill level 12 in Unarmed Combat
 18020 | Lair:1   | You fall through a shaft!
 18020 | Lair:2   | Found a staircase to the Shoals.
 18263 | Lair:1   | Reached XP level 12. HP: 81/83 MP: 14/20
 18308 | Lair:1   | Noticed a six-headed hydra
 18308 | Lair:1   | Noticed Nergalle
 18318 | Lair:1   | Killed a six-headed hydra
 18324 | Lair:1   | Killed Nergalle
 19126 | Lair:2   | Noticed a four-headed hydra
 19139 | Lair:2   | Killed a four-headed hydra
 19139 | Lair:2   | Reached skill level 13 in Unarmed Combat
 20581 | Lair:3   | Noticed a four-headed hydra
 20592 | Lair:3   | Killed a four-headed hydra
 21023 | Lair:3   | Noticed a six-headed hydra
 21034 | Lair:3   | Killed a six-headed hydra
 21054 | Lair:3   | Reached ****** piety under Uskayaw
 21776 | Lair:4   | Found a staircase to the Snake Pit.
 21793 | Lair:4   | Reached skill level 14 in Unarmed Combat
 21924 | Lair:4   | Reached XP level 13. HP: 89/89 MP: 24/24
 24740 | Lair:5   | You fall through a shaft!
 24740 | Lair:6   | Entered Level 6 of the Lair of Beasts
 25813 | Lair:6   | Found a runed door.
 25817 | Lair:6   | Found a viscous altar of Jiyva.
 25819 | Lair:6   | Found a staircase to the Slime Pits.
 25955 | Lair:6   | Reached skill level 10 in Invocations
 26311 | Lair:6   | Noticed Nessos
 26318 | Lair:6   | Killed Nessos
 26318 | Lair:6   | Reached skill level 5 in Fighting
 26816 | Lair:6   | Reached skill level 15 in Unarmed Combat
 26826 | Lair:6   | Gained mutation: Your tail ends in a poisonous barb. [Green
                  | Draconian growth]
 26826 | Lair:6   | Reached XP level 14. HP: 86/108 MP: 27/27
 27505 | Lair:6   | Learned a level 2 spell: Blink
 28846 | D:12     | Noticed a war gargoyle
 29470 | D:12     | Noticed Erolcha
 29476 | D:12     | Killed Erolcha
 30521 | D:12     | Reached skill level 10 in Spellcasting
 30943 | D:13     | Noticed an ironheart preserver
 30944 | D:13     | Found a gate to the Vaults.
 30960 | D:13     | Killed an ironheart preserver
 31998 | D:13     | Found a runed door.
 31998 | D:13     | Noticed Vaehess's ghost (journeyman DDFi)
 34067 | D:15     | Entered Level 15 of the Dungeon
 34834 | D:15     | Reached XP level 15. HP: 84/125 MP: 24/29
 35005 | D:15     | Found a runed door.
 35011 | D:15     | Noticed Azzar's ghost (adept GrEE)
 35863 | D:15     | Found a staircase to the Depths.
 36025 | D:15     | Found a shadowy altar of Dithmenos.
 36707 | Snake:1  | Entered Level 1 of the Snake Pit
 36869 | Snake:1  | Shot with an arrow by a naga sharpshooter

Vault maps used:
D:1:      giann_wishing_wells, minmay_misc_feat_doors
D:2:      lemuel_doored_altar, uniq_sigmund
D:3:      serial_aquarium, aquarium_bridge_straight, aquarium_window_double,
          aquarium_window_corridor_3, aquarium_window_2, aquarium_view_2e,
          aquarium_balcony_3a, aquarium_pool_2, chequers_arboretum,
          uniq_terence, uniq_robin, uniq_grinder
D:4:      old_standard_altar, nemelex_xobeh_ov_fountains_minmay, first_ration,
          hangedman_decor_lopped
D:5:      nicolae_overflow_hidden_temple, serial_shops, shop
D:6:      lemuel_crystal_altar, serial_shops, nicolae_shop_behind_doors
D:7:      lightli_temple_of_fire, doesnt_xom_only_xom, old_standard_altar,
          minmay_temple_entry_butterflies, serial_shops,
          nicolae_shop_overgrown_old_shop, gammafunk_ghost_split,
          kennysheep_small_square
D:8:      minmay_the_grid_triangle_9x9_rhombus_full, old_standard_altar,
          basic_altar
D:9:      lair_entry_dummy, orc_0_dummy, serial_shops, shop,
          gammafunk_ghost_cemetery, hangedman_fish_farm,
          nemelex_lonely_heart_becter
D:10:     serial_undead, serial_undead_a, serial_undead_e, serial_undead_b,
          serial_undead_f
D:11:     muffindrake_ghost_dual_entry
D:12:     gargoyle_guard, argonaut_gorgonesque, uniq_erolcha
D:13:     skrybe_vaults_entry_preservation, ebering_ghost_reflecting_pool
D:15:     grunt_enter_depths_hoard, grunt_dithmenos_shadows,
          ebering_ghost_inner_flame
Lair:1:   wad_woods_structure_01, minmay_shattered_shrine, uniq_grum,
          uniq_nergalle
Lair:2:   minmay_shoals_entry_lonely_mermaid, st_stairs_9, beast_lair_carwin_4
Lair:4:   minmay_snake_entry_six_corridors, grunt_megastairs_1,
          lemuel_fruit_fields, minmay_lair_oklob_chamber, serial_bayou_shore_a
Lair:6:   evilmike_catoblepas_cave, slime_altar_2, serial_bayou_shore_b,
          grunt_megastairs_3, uniq_nessos
Snake:1:  nicolae_large_snake_swirl, lemuel_fruit_tree

Skill      XL: |  1  2  3  4  5  6  7  8  9 10 11 12 13 14 |
---------------+-------------------------------------------+-----
Transmutations | 3 4 5 6 8 9 10 | 10.0
Dodging        | 2 3 4 6 7 8 |  8.5
Unarmed Combat | 4 5 6 8 10 12 14 15 | 15.6
Invocations    | 3 6 8 10 11 | 11.9
Spellcasting   | 3 5 7 9 10 | 10.9
Fighting       | 5 9 |  9.8

Action                   |  1- 3 |  4- 6 |  7- 9 | 10-12 | 13-15 || total
-------------------------+-------+-------+-------+-------+-------++-------
Melee: Unarmed           |    97 |   205 |   494 |   645 |   831 ||  2272
       Tailslap          |    14 |    14 |    33 |    49 |   132 ||   242
       Headbutt          |     4 |     4 |     4 |       |       ||    12
       Kick              |     2 |     5 |     6 |       |       ||    13
       Punch             |       |     1 |     4 |    20 |    62 ||    87
Throw: Throwing net      |       |       |     1 |       |       ||     1
 Cast: Beastly Appendage |    14 |     6 |    12 |       |       ||    32
       Sticks to Snakes  |     5 |     7 |    10 |     3 |     4 ||    29
       Spider Form       |       |    12 |    20 |       |       ||    32
       Blade Hands       |       |       |     5 |    60 |    71 ||   136
       Ice Form          |       |       |       |     4 |     4 ||     8
Invok: Line Pass         |       |       |       |     2 |       ||     2
 Abil: Breathe Noxious F |       |       |     1 |     6 |     3 ||    10
       End Transformatio |       |       |       |     1 |     1 ||     2
Evoke: Wand              |       |       |       |     4 |     2 ||     6
  Use: Scroll            |       |       |    15 |    17 |    12 ||    44
       Potion            |       |       |     3 |     4 |    10 ||    17
 Stab: Sleeping          |       |       |     1 |       |     3 ||     4
       Distracted        |       |       |     1 |       |     1 ||     2
       Paralysed         |       |       |     9 |    34 |    64 ||   107
       Confused          |       |       |       |     2 |     1 ||     3
       Petrified         |       |       |       |       |     3 ||     3
  Eat: Chunk             |     1 |    12 |    15 |    43 |    34 ||   105
       Ration            |       |       |     3 |     5 |     9 ||    17
Armor: Skin              |    28 |    43 |    95 |   117 |   240 ||   523
Dodge: Dodged            |    52 |   123 |   416 |   486 |   694 ||  1771

Table legend:
 A = Non-vault XP
 B = Vault XP
 C = Vault XP percentage of total XP
 D = Non-vault monster count
 E = Vault monster count
 F = Vault count percentage of total count
                 A         B        C        D         E       F
            +---------+---------+-------+---------+---------+-------
      Total |   72119 |   40408 |  35.9 |     500 |     152 |  23.3
            +---------+---------+-------+---------+---------+-------
        D:1 |      53 |       0 |   0.0 |      25 |       0 |   0.0
        D:2 |     114 |     227 |  66.6 |      31 |       1 |   3.1
        D:3 |     147 |     348 |  70.3 |      26 |      13 |  33.3
        D:4 |     499 |       0 |   0.0 |      28 |       0 |   0.0
        D:5 |     524 |       0 |   0.0 |      12 |       0 |   0.0
        D:6 |     674 |       0 |   0.0 |      17 |       0 |   0.0
        D:7 |     681 |      34 |   4.8 |      14 |       1 |   6.7
        D:8 |    1489 |    1196 |  44.5 |      23 |      26 |  53.1
        D:9 |    1879 |     293 |  13.5 |      29 |       1 |   3.3
       D:10 |    3701 |     929 |  20.1 |      47 |       8 |  14.5
       D:11 |    5105 |     830 |  14.0 |      27 |       2 |   6.9
       D:12 |    6609 |    4306 |  39.5 |      32 |       8 |  20.0
       D:13 |    5654 |    4332 |  43.4 |      24 |       9 |  27.3
       D:14 |    9319 |       0 |   0.0 |      41 |       0 |   0.0
       D:15 |    5985 |    2240 |  27.2 |      22 |       3 |  12.0
     Lair:1 |    1460 |    5593 |  79.3 |       9 |      17 |  65.4
     Lair:2 |    3998 |    1935 |  32.6 |      17 |       8 |  32.0
     Lair:3 |    4637 |     119 |   2.5 |      16 |       1 |   5.9
     Lair:4 |    3033 |    4561 |  60.1 |      12 |      28 |  70.0
     Lair:5 |    6766 |       0 |   0.0 |      22 |       0 |   0.0
     Lair:6 |    7094 |   13465 |  65.5 |      20 |      26 |  56.5
    Snake:1 |    2698 |       0 |   0.0 |       6 |       0 |   0.0
            +---------+---------+-------+---------+---------+-------
